 Dungeon Crawl Stone Soup version 0.29-a0-700-g2f1814c7b2 (webtiles) character file.

Game seed: 17619141739436186035

1488 gobodom the Digger (level 8, -2/54 HPs)
             Began as a Demonspawn Earth Elementalist on June 25, 2022.
             Slain by a gnoll sergeant
             ... wielding a +2 trident of protection
              (6 damage)
             ... on level 6 of the Dungeon.
             The game lasted 00:38:34 (6555 turns).

gobodom the Digger (Demonspawn Earth Elementalist)  Turns: 6555, Time: 00:38:35

Health: -2/54      AC:  7    Str: 17    XL:     8   Next: 51%
Magic:  0/15       EV: 14    Int: 16    God:
Gold:   203        SH:  0    Dex: 20    Spells: 11/17 levels left

rFire   . . .      SeeInvis .   t - staff of conjuration
rCold   . . .      Faith    .   (no shield)
rNeg    . . .      Spirit   .   a - +0 robe
rPois   .          Reflect  .   (helmet restricted)
rElec   .          Harm     .   r - +2 cloak
rCorr   .          Rampage  .   o - +0 pair of gloves
Will    .....                   z - +0 pair of boots
Stlth   ++........              k - amulet of regeneration
HPRegen 0.98/turn               h - +6 ring of strength
MPRegen 0.14/turn               E - +6 ring of dexterity

@: no status effects
A: horns 1, powered by death 2
a: no special abilities


You were on level 6 of the Dungeon.
You visited 1 branch of the dungeon, and saw 6 of its levels.

You collected 203 gold pieces.

Inventory:

Hand Weapons
 c - the +3 whip of Domination {protect, rElec Int-5 Stlth+}
   (You found it on level 5 of the Dungeon)

   It grants its wielder temporary protection when it strikes (+7 to AC).
   Int:       It affects your intelligence (-5).
   rElec:     It insulates you from electricity.
   Stlth:     It makes you more stealthy.
 v - a +4 short sword
 B - a +4 vampiric spear
 F - a +5 mace
 J - a +1 mace of protection
Missiles
 d - 3 silver boomerangs
 p - 23 poisoned darts
 I - a boomerang of dispersal
Armour
 a - a +0 robe (worn)
 o - a +0 pair of gloves (worn)
 r - a +2 cloak (worn)
 z - a +0 pair of boots (worn)
Magical Staves
 t - a staff of conjuration (weapon)
Jewellery
 h - a +6 ring of strength (left hand)
 k - an amulet of regeneration (around neck)
 u - an amulet of reflection
 E - a +6 ring of dexterity (right hand)
 H - a ring of magical power
Wands
 C - a wand of paralysis (6)
 L - a wand of iceblast (8)
Scrolls
 f - a scroll of magic mapping
 g - a scroll of torment {unknown}
 i - 3 scrolls of fog
 j - 3 scrolls of enchant weapon {unknown}
 m - a scroll of vulnerability
 n - 2 scrolls of immolation
 x - a scroll of blinking {unknown}
 y - a scroll of noise {unknown}
 G - a scroll of brand weapon {unknown}
Potions
 b - 2 potions of magic
 e - 2 potions of attraction
 l - a potion of cancellation
 s - a potion of might
 w - a potion of brilliance
 D - a potion of degeneration
 K - a potion of ambrosia {unknown}


   Skills:
 + Level 1.3 Fighting
 + Level 3.6 Staves
 + Level 0.5 Throwing
 + Level 3.3 Dodging
 + Level 2.2 Stealth
 + Level 0.1 Unarmed Combat
 + Level 5.2 Spellcasting
 + Level 3.1 Conjurations
 + Level 0.8 Transmutations
 + Level 5.4 Earth Magic
 + Level 2.9 Evocations


You had 11 spell levels left.
You knew the following spells:

 Your Spells              Type           Power      Damage    Failure   Level
a - Sandblast             Erth           42%        2d11      1%          1
b - Stone Arrow           Conj/Erth      52%        3d10      8%          3
c - Passwall              Tmut/Erth      11%        N/A       6%          2

Your spell library contained the following spells:

 Spells                   Type           Power      Damage    Failure   Level
 Freeze                   Ice            16%        1d4       16%         1
 Ensorcelled Hibernation  Hex/Ice        8%         N/A       22%         2
 Dazzling Flash           Conj/Hex       26%        N/A       24%         3
 Petrify                  Tmut/Erth      14%        N/A       38%         4
 Frozen Ramparts          Ice            8%         1d2       41%         3
 Gell's Gravitas          Tloc           4%         N/A       41%         3
 Lesser Beckoning         Tloc           4%         N/A       41%         3
 Swiftness                Air            4%         N/A       41%         3
 Teleport Other           Tloc           4%         N/A       41%         3
 Hailstorm                Conj/Ice       13%        3d5       61%         4
 Iskenderun's Mystic Bla  Conj/Tloc      13%        2d5       61%         4
 Starburst                Conj/Fire      6%         6d4       100%        6


Dungeon Overview and Level Annotations

Branches:
Dungeon (6/15)
 Temple: D:4-7

Altars:
Makhleb
Nemelex Xobeh
Ru
Xom

Annotations:
D:4 Pikel


Innate Abilities, Weirdness & Mutations

You have a pair of small horns on your head.
You regenerate health from kills.


Message History

You hit the gnoll sergeant but do no damage.
You headbutt the gnoll sergeant, but do no damage.
The gnoll sergeant is almost dead.
The gnoll sergeant hits you with a +2 trident of protection!
* * * LOW HITPOINT WARNING * * *
You hit the gnoll sergeant but do no damage.
You headbutt the gnoll sergeant, but do no damage.
The gnoll sergeant is almost dead.
The gnoll sergeant barely misses you.
You hit the gnoll sergeant but do no damage.
The gnoll sergeant is almost dead.
The gnoll sergeant barely misses you.
You hit the gnoll sergeant but do no damage.
You headbutt the gnoll sergeant, but do no damage.
The gnoll sergeant is almost dead.
The gnoll sergeant barely misses you.
You hit the gnoll sergeant.
Your headbutt misses the gnoll sergeant.
The gnoll sergeant is almost dead.
The gnoll sergeant hits you with a +2 trident of protection!
* * * LOW HITPOINT WARNING * * *
Casting: Stone Arrow (dangerous; 8% risk of failure)
Confirm with . or Enter, or press ? or * to list all spells.
Aiming: Stone Arrow (dangerous; 8% risk of failure)
Press: ? - help, Shift-Dir - straight line, f/p - gnoll sergeant
Aim: a gnoll sergeant, wielding a +2 trident of protection and wearing a +0 scale mail (almost dead, 79% to hit)
You feel a surge of power!
The stone arrow hits the gnoll sergeant but does no damage.
The gnoll sergeant is almost dead.
The gnoll sergeant hits you but does no damage.
You feel better. The gnoll sergeant misses you.
You closely miss the gnoll sergeant.
The gnoll sergeant is almost dead.
The gnoll sergeant hits you with a +2 trident of protection!
* * * LOW HITPOINT WARNING * * *
The gnoll sergeant attacks as you move away!
The gnoll sergeant hits you with a +2 trident of protection.
* * * LOW HITPOINT WARNING * * *
The gnoll sergeant hits you from afar with a +2 trident of protection.
You die...

##≈≈≈.#.# #(#. #≈≈≈.##.# #.#.
#######.# #.#. ## ##+## ######.#
#.## .# ##...## #......# ####.##
.#####.....## #.###### #......
............## #.#.### #.####.
.###.....>...###.....######.###..
)).'.........'g.@................
.###.........####....######.#.#..
.# #........## ##.#.# #.#.##. ##
#.#.....## ###.# #......
####.##...## #.# #####.###
.....###+## #.# #........ ######
#.# #.###.##. #.# #.##. ..# #.##.


You could see a gnoll sergeant.

Vanquished Creatures
  A sky beast (D:6)
  A black bear (D:5)
  A lemure (D:4)
  A phantom (D:5)
  Blork the orc (D:4)
  2 bullfrogs (D:6)
  A necrophage (D:6)
  2 scorpions
  A gnoll sergeant (D:5)
  5 wights (D:5)
  A crimson imp (D:6)
  4 hounds
  3 iguanas
  11 gnolls
  7 adders
  2 white imps
  2 ufetubi
  4 worms
  A dart slug (D:4)
  12 orcs
  9 endoplasms
  3 giant cockroaches
  6 goblins
  9 hobgoblins
  7 kobolds
  3 quokkas
  3 ball pythons
  2 bats (D:1)
  4 frilled lizards
  6 rats
115 creatures vanquished.

Vanquished Creatures (others)
  7 fungi (D:6)
  5 toadstools (D:1)
12 creatures vanquished.

Grand Total: 127 creatures vanquished

Notes
Turn   | Place    | Note
-------+----------+-------------------------------------------
     0 | D:1      | gobodom the Demonspawn Earth Elementalist began the quest
                  | for the Orb.
     0 | D:1      | Reached XP level 1. HP: 13/13 MP: 3/3
   507 | D:1      | Gained mutation: You regenerate a little health from kills.
                  | [demonic ancestry]
   507 | D:1      | Reached XP level 2. HP: 19/19 MP: 3/5
  1470 | D:2      | Reached XP level 3. HP: 17/24 MP: 2/7
  1756 | D:2      | Found a faded altar of an unknown god.
  2197 | D:3      | Gained mutation: You regenerate health from kills. [demonic
                  | ancestry]
  2197 | D:3      | Reached XP level 4. HP: 30/30 MP: 6/8
  2702 | D:4      | Found a sparkling altar of Nemelex Xobeh.
  2853 | D:4      | HP: 1/30 [iguana (10)]
  3097 | D:4      | Noticed Blork the orc
  3109 | D:4      | Reached skill level 1 in Staves
  3125 | D:4      | Reached skill level 1 in Evocations
  3125 | D:4      | Gained mutation: You have a pair of small horns on your
                  | head. [demonic ancestry]
  3125 | D:4      | Reached XP level 5. HP: 35/35 MP: 2/10
  3327 | D:4      | Killed Blork the orc
  3414 | D:4      | Found a shimmering altar of Xom.
  3547 | D:4      | Noticed a lemure
  3597 | D:4      | Killed a lemure
  3734 | D:5      | Entered Level 5 of the Dungeon
  3743 | D:5      | Learned a level 3 spell: Stone Arrow
  3770 | D:5      | Reached skill level 1 in Conjurations
  3770 | D:5      | Reached XP level 6. HP: 41/41 MP: 5/11
  3924 | D:4      | Noticed Pikel
  4181 | D:5      | Found a sacrificial altar of Ru.
  4209 | D:5      | Identified the +3 whip of Domination {protect, rElec Int-5
                  | Stlth+}
  4539 | D:5      | Learned a level 2 spell: Passwall
  4697 | D:5      | Reached XP level 7. HP: 46/46 MP: 6/13
  5560 | D:5      | Reached XP level 8. HP: 46/53 MP: 10/15
  6110 | D:6      | Reached skill level 5 in Spellcasting
  6110 | D:6      | Reached skill level 5 in Earth Magic
  6213 | D:6      | Reached skill level 1 in Fighting
  6424 | D:6      | Found a burning altar of Makhleb.
  6555 | D:6      | Slain by a gnoll sergeant

Illustrated notes

Levels and vault maps discovered:
D:1:      ldierk_walled_garden, layout_loops_cross
D:2:      layout_loops_cross, dreamdust_ecumenical_altar_angels_and_demons
D:3:      layout_rooms, minmay_misc_feat_pillars, kennysheep_nub
D:4:      layout_basic, lemuel_crystal_altar, nemelex_xobeh_ov_fountains_minmay,
          minmay_misc_feat_nine_boxes, uniq_pikel, uniq_blork_the_orc
D:5:      layout_gridville, general_overflow_altar
D:6:      layout_loops_corners, makhleb_grotto_becter, dreamdust_gnoll_farm

Skill      XL: |  1  2  3  4  5  6  7  8 |
---------------+-------------------------+-----
Earth Magic    | 3 4 5 |  5.4
Spellcasting   | 3 4 5 |  5.2
Stealth        | 2 |  2.2
Dodging        | 2 3 |  3.3
Staves         | 1 2 3 |  3.6
Evocations     | 1 2 |  2.9
Conjurations   | 1 2 3 |  3.1
Fighting       | 1 |  1.3
Throwing       | |  0.5
Unarmed Combat | |  0.1
Transmutations | |  0.8

Action                   |  1- 3 |  4- 6 |  7- 9 || total
-------------------------+-------+-------+-------++-------
Melee: Unarmed           |     5 |     4 |       ||     9
       Staff             |       |    29 |    98 ||   127
       Headbutt          |       |     2 |    30 ||    32
       Punch             |       |       |     1 ||     1
Throw: Dart              |       |    23 |     4 ||    27
 Cast: Sandblast         |    62 |   108 |    42 ||   212
       Stone Arrow       |       |    16 |    30 ||    46
       Passwall          |       |     1 |       ||     1
Evoke: Wand              |       |       |     2 ||     2
  Use: Scroll            |     8 |     4 |     2 ||    14
       Potion            |       |     3 |     4 ||     7
Armor: Robe              |    12 |    30 |    42 ||    84
Dodge: Dodged            |    26 |   121 |   120 ||   267

Table legend: (Time is in decaauts)
 A = Elapsed time spent in this place.
 B = Non-inter-level travel time spent in this place.
 C = Inter-level travel time spent in this place.
 D = Time resting spent in this place.
 E = Time spent auto-exploring this place.
 F = Levels seen in this place.
 G = Mean time per level.
                   A        B        C        D        E       F      G
               +--------+--------+--------+--------+--------+-----+--------+
         Total |   6793 |   6786 |      7 |    607 |   4037 |   6 | 1132.2 |
       Dungeon |   6793 |   6786 |      7 |    607 |   4037 |   6 | 1132.2 |
               +--------+--------+--------+--------+--------+-----+--------+

Top non-repeatable levels by time:
     D:5: 1826 daAuts
     D:4: 1299 daAuts
     D:3: 1062 daAuts
     D:1: 968 daAuts
     D:6: 833 daAuts
     D:2: 802 daAuts
